 Dungeon Crawl Stone Soup version 0.19.1 (webtiles) character file.

2688 equalderp2856 the Gouger (level 9, -9/39 HPs)
             Began as a Felid Fighter on Nov 26, 2016.
             Mangled by a manticore (21 damage)
             ... on level 11 of the Dungeon.
             The game lasted 00:49:22 (16108 turns).

equalderp2856 the Gouger (Felid Fighter)           Turns: 16108, Time: 00:49:23

Health: -9/39      AC:  2    Str: 13    XL:     9   Next: 38%
Magic:  10/10      EV: 25    Int: 14    God:
Gold:   442        SH:  0    Dex: 17    Spells: 2 memorised, 4 levels left
                                        Lives:  0   Deaths: 3

rFire  . . .     SeeInvis +       - Unarmed
rCold  + . .     Gourm    .     (armour unavailable)
rNeg   . . .     Faith    .     (shield unavailable)
rPois  .         Spirit   .     (helmet unavailable)
rElec  .         Reflect  .     (cloak unavailable)
rCorr  .         Harm     .     (gloves unavailable)
MR     +....                    (boots unavailable)
Stlth  +++++.....               H - amulet of magic regeneration
                                G - +3 ring of intelligence
                                u - ring of protection from cold

@: quick
A: no armour, no weapons or thrown items, stealth, claws 1, fangs 3, see
invisible, carnivore 3, speed 1, shaggy fur 2, slow metabolism 1, sharp paws
a: no special abilities


You were on level 11 of the Dungeon.
You were full.

You visited 1 branch of the dungeon, and saw 11 of its levels.
You also visited: Ossuary.

You collected 442 gold pieces.

Inventory:

Hand Weapons
 q - a cursed +1 blowgun
 r - a +0 whip of slashing
Missiles
 k - 167 arrows
 s - 34 poisoned needles
Armour
 j - a +0 robe
Jewellery
 u - a ring of protection from cold (left paw)
 x - an uncursed ring of resist corrosion
 C - a +3 ring of slaying {unknown}
 G - a +3 ring of intelligence (right paw)
 H - an amulet of magic regeneration (around neck)
 M - an uncursed amulet of rage {unknown}
Wands
 y - a wand of confusion (29/48)
 Q - a wand of digging (11/24)
Scrolls
 d - 2 scrolls of enchant weapon
 i - 4 scrolls of magic mapping
 l - 3 scrolls of remove curse
 m - 11 scrolls of identify
 o - 4 scrolls of teleportation
 B - a scroll of noise {unknown}
 F - 4 scrolls of fog
 J - a scroll of recharging {unknown}
 P - a scroll of vulnerability {unknown}
Potions
 a - 3 potions of might
 c - 7 potions of curing
 e - a potion of agility {unknown}
 f - 4 potions of flight {unknown}
 h - a potion of cancellation {unknown}
 n - a potion of degeneration {unknown}
 t - 3 potions of resistance {unknown}
 v - 3 potions of haste {unknown}
 w - a potion of lignification {unknown}
 z - a potion of cure mutation {unknown}
 A - 2 potions of mutation {unknown}
 D - a potion of berserk rage {unknown}
 E - a potion of ambrosia {unknown}
 K - 2 potions of invisibility {unknown}
 O - a potion of beneficial mutation {unknown}
 R - a potion of brilliance {unknown}
Books
 N - a book of Air

   Spells                             Type                      Level
   a - Shock                          Conjuration/Air              1
   b - Swiftness                      Charms/Air                   2
   c - Repel Missiles                 Charms/Air                   2
   d - Static Discharge               Conjuration/Air              3
   e - Lightning Bolt                 Conjuration/Air              5
Comestibles
 b - 6 meat rations
 p - 3 beef jerkies
 I - 7 bread rations
 L - 2 slices of pizza


   Skills:
 + Level 4.0 Fighting
 + Level 9.8 Dodging
 + Level 10.3 Stealth
 + Level 13.6 Unarmed Combat


You had 4 spell levels left.
You knew the following spells:

 Your Spells              Type           Power        Failure   Level  Hunger
a - Repel Missiles        Chrm/Air       #.....       43%         2    ###....
b - Swiftness             Chrm/Air       #.......     43%         2    ###....


Dungeon Overview and Level Annotations

Branches:
Dungeon (11/15)            Temple (0/1) D:6
   Lair: D:8-11         Orc: D:9-12

Altars:
Nemelex Xobeh
Okawaru
Qazlal
Xom

Annotations:
D:4 TheWoodenMan's ghost, novice HOMo
D:5 TheWoodenMan's ghost, novice KoBe
D:8 TotoDurand's ghost, novice DgIE
D:10 Snorg


Innate Abilities, Weirdness & Mutations

You cannot wear armour.
You are incapable of wielding weapons or throwing items.
Your paws allow you to move quietly. (Stealth)
You have sharp claws.
You have razor-sharp teeth.
You have supernaturally acute eyesight. (SInv)
You are carnivorous and can eat meat at any time.
You cover ground quickly.
You are covered in thick fur. (AC +2)
You have a slow metabolism.
Your sharp claws are effective at attacking unaware monsters.


Message History

The manticore completely misses you. The manticore claws you!
* * * LOW HITPOINT WARNING * * *
The manticore completely misses you.
You feel much better. The manticore completely misses you. x2
The manticore closely misses you.
You closely miss the manticore.
The manticore is heavily wounded.
The manticore misses you. The manticore completely misses you.
The manticore closely misses you.
You scratch the manticore.
The manticore is severely wounded.
You barely miss the manticore.
The manticore is severely wounded.
The manticore bites you! The manticore claws you! The manticore misses you.
A jelly comes into view.
You completely miss the manticore.
The manticore is severely wounded.
The manticore bites you!!
Ouch! That really hurt!
You die...

##...<..... ..
##.......... ...
........... ....
#..........
...##.......... ...
#..#..........#..O ######
#.....H.....J>.. #....#
#.#@.....#..[ #....#
#...###.##.#### #....#
###..##.#......
#....###########...<....#
#.....................#.#
#....##############..##
#.......## #.##
#....##..##########.#
#....###............####
..


You could see a manticore and a jelly (wandering).

Vanquished Creatures
  Pikel (D:6)
  A manticore (D:10)
  A two-headed ogre (D:7)
  The ghost of equalderp2856 the Gouger, a novice FeFi (D:6)
  Prince Ribbit (D:9)
  A hippogriff (D:9)
  Grinder (D:4)
  2 wyverns
  2 humans (D:8)
  5 yaks (D:8)
  A hungry ghost (D:8)
  Menkaure (D:4)
  Edmund (D:3)
  An orc warrior (D:6)
  A hornet zombie (D:10)
  2 black bears (D:8)
  2 sky beasts (D:10)
  A necrophage (D:7)
  An ice beast (D:10)
  2 ogres
  2 phantoms
  A wolf (D:10)
  4 centaurs
  A crocodile (D:7)
  A big kobold (D:10)
  Blork the orc (D:4)
  7 bullfrogs
  A gnoll sergeant (D:7)
  3 scorpions
  A water moccasin skeleton (D:8)
  A killer bee (D:10)
  3 wights (D:9)
  A howler monkey (D:5)
  5 crimson imps
  3 bullfrog zombies
  4 jellies
  4 orc priests
  A bullfrog skeleton (D:9)
  11 hounds
  2 centaur skeletons
  Jessica (D:2)
  Terence (D:3)
  4 orc wizards
  6 worker ants
  Natasha (thrice) (D:4)
  2 hell rats (D:6)
  A hound zombie (Ossuary)
  2 hound skeletons
  14 mummies (Ossuary)
  3 worker ant zombies (Ossuary)
  2 howler monkey zombies (Ossuary)
  3 gnolls (D:7)
  15 adders
  3 river rats (D:6)
  3 shadow imps
  An ooze (D:1)
  5 adder zombies
  An adder skeleton (D:7)
  A worm (D:3)
  4 dart slugs
  4 leopard geckos
  20 orcs
  4 giant cockroaches
  7 goblins
  10 hobgoblins
  5 jackals
  A quokka (D:2)
  A ball python (D:4)
  6 bats
  2 frilled lizards
  3 giant cockroach zombies (Ossuary)
  A jackal zombie (D:6)
  9 kobolds
  A quokka skeleton (D:5)
  A quokka zombie (D:6)
  30 rats
266 creatures vanquished.

Vanquished Creatures (others)
  4 slaves (D:6)
  A withered plant (Ossuary)
5 creatures vanquished.

Grand Total: 271 creatures vanquished

Notes
Turn   | Place    | Note
-------+----------+-------------------------------------------
     0 | D:1      | equalderp2856 the Felid Fighter began the quest for the Orb.
     0 | D:1      | Reached XP level 1. HP: 10/10 MP: 2/2
    47 | D:1      | Reached XP level 2. HP: 12/14 MP: 3/3
   476 | D:1      | You fall through a shaft!
   538 | D:2      | Reached XP level 3. HP: 17/17 MP: 4/4
   644 | D:2      | Noticed Jessica
   653 | D:2      | Killed Jessica
   653 | D:2      | Reached skill level 5 in Unarmed Combat
   653 | D:2      | Reached XP level 4. HP: 11/21 MP: 5/5
  1379 | D:2      | Reached skill level 5 in Dodging
  2437 | D:3      | Reached XP level 5. HP: 22/24 MP: 6/6
  2470 | D:3      | Reached skill level 1 in Stealth
  2607 | D:3      | Noticed Terence
  2772 | D:3      | You fall through a shaft for 2 floors!
  2772 | D:5      | Entered Level 5 of the Dungeon
  2819 | D:5      | Found a sand-covered staircase.
  2899 | D:5      | Noticed an ogre
  2955 | Ossuary  | Entered an ossuary
  2977 | Ossuary  | Reached skill level 6 in Unarmed Combat
  3158 | Ossuary  | Gained mutation: You are covered in thick fur. (AC +2) [Felid growth]
  3158 | Ossuary  | Reached XP level 6. HP: 18/28 MP: 7/7
  3480 | Ossuary  | Reached skill level 7 in Unarmed Combat
  3890 | Ossuary  | Reached XP level 7. HP: 15/31 MP: 8/8
  4486 | D:5      | Reached skill level 8 in Unarmed Combat
  4659 | D:5      | Noticed TheWoodenMan's ghost (novice KoBe)
  4727 | D:4      | Noticed Menkaure
  4734 | D:4      | Killed Menkaure
  4828 | D:4      | Noticed Blork the orc
  4833 | D:4      | Killed Blork the orc
  4864 | D:4      | Noticed Natasha
  4870 | D:4      | Killed Natasha
  4873 | D:4      | Noticed Edmund
  4904 | D:3      | Reached XP level 8. HP: 26/34 MP: 9/9
  5158 | D:3      | Found a shimmering altar of Xom.
  5158 | D:3      | Found a shimmering altar of Xom.
  5158 | D:3      | Found a shimmering altar of Xom.
  5159 | D:3      | Found a shimmering altar of Xom.
  5159 | D:3      | Found a shimmering altar of Xom.
  5159 | D:3      | Found a shimmering altar of Xom.
  5159 | D:3      | Found a shimmering altar of Xom.
  5168 | D:3      | Found a shimmering altar of Xom.
  5685 | D:3      | Killed Terence
  6221 | D:4      | Noticed Natasha
  6226 | D:4      | Killed Natasha
  6308 | D:4      | Noticed a hippogriff
  6318 | D:4      | Noticed TheWoodenMan's ghost (novice HOMo)
  6319 | D:4      | Reached skill level 9 in Unarmed Combat
  6387 | D:4      | Noticed Natasha
  6392 | D:4      | Killed Natasha
  6436 | D:4      | Reached skill level 5 in Stealth
  6562 | D:4      | Noticed Grinder
  6589 | D:4      | Killed Grinder
  7080 | D:3      | Killed Edmund
  7525 | D:5      | Reached skill level 10 in Unarmed Combat
  8929 | D:6      | Reached XP level 9. HP: 38/38 MP: 10/10
  9248 | D:6      | Found a staircase to the Ecumenical Temple.
  9334 | D:6      | Noticed Pikel
  9340 | D:6      | Killed Pikel
  9641 | D:6      | Killed from afar by an orc priest
  9642 | D:6      | Reached XP level 8. HP: -7/34 MP: 9/9
  9920 | D:6      | Noticed equalderp2856's ghost (novice FeFi)
  9971 | D:6      | Killed equalderp2856's ghost
  9971 | D:6      | Reached skill level 11 in Unarmed Combat
 10596 | D:7      | Noticed a two-headed ogre
 10605 | D:7      | Killed a two-headed ogre
 10654 | D:7      | Reached XP level 9. HP: 39/39 MP: 10/10
 11820 | D:8      | Found an iron altar of Okawaru.
 11843 | D:8      | Reached skill level 12 in Unarmed Combat
 12174 | D:8      | Noticed TotoDurand's ghost (novice DgIE)
 13347 | D:8      | Reached XP level 10. HP: 42/42 MP: 11/11
 14008 | D:9      | Noticed Prince Ribbit
 14016 | D:9      | Killed Prince Ribbit
 14016 | D:9      | Reached skill level 13 in Unarmed Combat
 14023 | D:9      | Found a sparkling altar of Nemelex Xobeh.
 14023 | D:9      | Found a stormy altar of Qazlal.
 14432 | D:10     | Entered Level 10 of the Dungeon
 14707 | D:10     | Noticed Snorg
 14740 | D:10     | Mangled by Snorg
 14741 | D:10     | Reached XP level 9. HP: -9/39 MP: 10/10
 14799 | D:10     | Learned a level 2 spell: Repel Missiles
 14815 | D:10     | Learned a level 2 spell: Swiftness
 14839 | D:10     | Noticed a hill giant
 14936 | D:10     | Noticed a manticore
 14956 | D:10     | Shot with an arrow by a centaur
 14957 | D:10     | Reached XP level 8. HP: -1/36 MP: 9/9
 15130 | D:10     | Killed a manticore
 15130 | D:10     | Reached skill level 10 in Stealth
 15145 | D:10     | Reached XP level 9. HP: 15/39 MP: 10/10
 15530 | D:10     | Noticed a troll
 15994 | D:11     | Noticed a hill giant
 16090 | D:11     | Noticed a manticore
 16108 | D:11     | Mangled by a manticore

Skill      XL: |  1  2  3  4  5  6  7  8  9 10 |
---------------+-------------------------------+-----
Unarmed Combat | 5 6 7 8 11 12 13 | 13.6
Dodging        | 5 6 7 9 |  9.8
Stealth        | 2 3 4 10 9 | 10.3
Fighting       | 4 |  4.0

Action                   |  1- 3 |  4- 6 |  7- 9 | 10-12 || total
-------------------------+-------+-------+-------+-------++-------
Melee: Unarmed           |    60 |   254 |   573 |    81 ||   968
       Bite              |     4 |    28 |    67 |     7 ||   106
       Punch             |       |     8 |    26 |     7 ||    41
  Use: Potion            |       |     1 |     5 |     1 ||     7
       Scroll            |       |       |    10 |       ||    10
 Stab: Sleeping          |     1 |     5 |    20 |     6 ||    32
       Distracted        |       |       |     7 |       ||     7
  Eat: Chunk             |     7 |     1 |    23 |     3 ||    34
       Meat ration       |       |       |     1 |       ||     1
Armor: Skin              |     3 |     4 |     9 |       ||    16
Dodge: Dodged            |    63 |   148 |   402 |    87 ||   700
